 Dungeon Crawl Stone Soup version 0.29.0-4-gdea44cf6ec (webtiles) character file.

Game seed: 13554585781772795222

70 qw the Chopper (level 4, -7/26 HPs)
             Began as a Tengu Warper on Aug 28, 2022.
             Mangled by Natasha (9 damage)
             ... on level 2 of the Dungeon.
             The game lasted 00:00:08 (1406 turns).

qw the Chopper (Tengu Warper)                       Turns: 1406, Time: 00:00:09

Health: -7/26      AC:  0    Str: 13    XL:     4   Next: 22%
Magic:  8/8        EV: 14    Int: 14    God:
Gold:   123        SH:  0    Dex: 13    Spells: 7/7 levels left

rFire   . . .      SeeInvis .   (weapon currently unavailable)
rCold   . . .      Faith    .   (shield currently unavailable)
rNeg    . . .      Spirit   .   (body armour currently unavailable)
rPois   .          Reflect  .   (helmet currently unavailable)
rElec   .          Harm     .   (cloak currently unavailable)
rCorr   .          Rampage  .   (gloves currently unavailable)
Will    .....                   (boots unavailable)
Stlth   +.........              (no amulet)
HPRegen 0.08/turn               (ring currently unavailable)
MPRegen 0.11/turn               (ring currently unavailable)

@: pig-form (expiring), slowed
A: fast, no casting, small, (beak), (talons 3)
a: no special abilities


You were on level 2 of the Dungeon.
You were a filthy swine.
You visited 1 branch of the dungeon, and saw 2 of its levels.

You collected 123 gold pieces.


Innate Abilities, Weirdness & Mutations

You are a filthy swine.
You move quickly.
Your equipment is almost entirely melded.
You are incapable of wielding weapons or throwing items.
You cannot cast spells.
((You have a beak for a mouth.))
((You have claws for feet.))


   Skills:
 - Level 2.0 Fighting
 + Level 4.8 Axes
 - Level 1.0 Throwing
 - Level 1.1 Armour
 - Level 2.1 Dodging
 - Level 2.0 Spellcasting
 - Level 2.4 Translocations


You had 7 spell levels left.
You didn't know any spells.
Your spell library contained the following spells:

 Spells                   Type           Power      Damage    Failure   Level
 Blink                    Tloc           16%        N/A       14%         2
 Gell's Gravitas          Tloc           8%         N/A       26%         3
 Lesser Beckoning         Tloc           8%         N/A       26%         3
 Teleport Other           Tloc           8%         N/A       26%         3
 Manifold Assault         Tloc           8%         N/A       94%         5

Inventory:

Hand Weapons
 l - a +0 mace
 Y - a +0 hand axe (melded)
Armour
 f - a +0 chain mail (melded)
Jewellery
 d - a ring of poison resistance
 m - a ring of resist corrosion
Scrolls
 c - a scroll of teleportation {unknown}
Potions
 a - a potion of brilliance {unknown}
 b - a potion of mutation {unknown}
 e - a potion of heal wounds {unknown}
 g - a potion of attraction {unknown}
 h - a potion of might {unknown}
 i - a potion of magic {unknown}
 j - 2 potions of ambrosia {unknown}
 k - a potion of lignification {unknown}

Dungeon Overview and Level Annotations

Branches:
Dungeon (2/15)

Altars:

Annotations:
D:2 1 runed translucent door, Crazy Yiuf, Natasha


Message History

The adder is severely wounded.
The adder bites you but does no damage. x2
You hit the adder but do no damage.
The adder is severely wounded.
The adder bites you.
You closely miss the adder.
The adder is severely wounded.
The adder bites you.
Natasha zaps a wand.
You resist with some effort.
You hit the adder. Your kick misses the adder. You peck the adder.
You kill the adder!
Natasha zaps a wand.
You resist with some effort.
Natasha zaps a wand.
You turn into a filthy swine.
Your +0 hand axe melds into your body.
Your +0 chain mail melds into your body.
You closely miss Natasha. Natasha barely misses you.
You barely miss Natasha. Natasha misses you.
You closely miss Natasha. Natasha barely misses you.
You closely miss Natasha.
Natasha stares at you and mumbles some strange words.
The magic dart hits you!
You closely miss Natasha. Natasha claws you!
You hit Natasha.
Natasha is lightly wounded.
Natasha barely misses you.
You closely miss Natasha.
Natasha is lightly wounded.
Natasha barely misses you.
You completely miss Natasha.
Natasha is lightly wounded.
Your transformation is almost over.
Natasha stares at you and mumbles some strange words.
You feel yourself slow down.
You miss Natasha.
Natasha is lightly wounded.
Natasha claws you!
You die...

#.........## ##.#
#..........##...
#..........#..#
#..........#.#
#......)%....#
#...........##
#...........######
#............%...##
#.hh..>.....####..#
#..%............# ##..
###..............#####
####.....#.......###
####.....#.......
#.###.#..#...# # # #.
#.###.. #......
#.###..


You could see Natasha.

Vanquished Creatures
  Natasha (D:2)
  An adder (D:2)
  2 worms (D:2)
  6 ball pythons
  2 bats
  5 endoplasms
  3 giant cockroaches
  3 goblins
  A hobgoblin (D:1)
  2 quokkas
  A rat (D:2)
27 creatures vanquished.

Notes
Turn   | Place    | Note
-------+----------+-------------------------------------------
     0 | D:1      | qw the Tengu Warper began the quest for the Orb.
     0 | D:1      | Reached XP level 1. HP: 12/12 MP: 4/4
     0 | D:1      | 0 ||| qw: Version: 0.1-a-89-g26bdef1
     0 | D:1      | 0 ||| qw: Game counter: 2770
     0 | D:1      | 0 ||| qw: Always use a shield: true
     0 | D:1      | 0 ||| qw: God list: Okawaru
     0 | D:1      | 0 ||| qw: Allow faded altars: false
     0 | D:1      | 0 ||| qw: Do Orc after D:15 true
     0 | D:1      | 0 ||| qw: Do second Lair branch before Depths: true
     0 | D:1      | 0 ||| qw: Lair rune preference: random
     0 | D:1      | 0 ||| qw: Plans: Normal
     0 | D:1      | 0 ||| PLANNING D:1-11
   203 | D:1      | 203 ||| Stepping ~*~*~tactically~*~*~ (stealth).
   204 | D:1      | 204 ||| Stepping ~*~*~tactically~*~*~ (stealth).
   233 | D:1      | Reached XP level 2. HP: 14/17 MP: 6/6
   295 | D:1      | Reached skill level 3 in Axes
   723 | D:1      | 723 ||| UPGRADING to +0 chain mail.
   733 | D:1      | 733 ||| DROPPING +0 leather armour.
   734 | D:1      | 734 ||| READING scroll labelled UNIAGEF DUHAPN.
   735 | D:1      | 735 ||| DROPPING scroll of blinking.
   867 | D:2      | Noticed Natasha
   876 | D:2      | Killed Natasha
   877 | D:2      | Reached skill level 4 in Axes
   877 | D:2      | Reached XP level 3. HP: 18/21 MP: 7/7
  1006 | D:2      | Found a faded altar of an unknown god.
  1151 | D:2      | 1151 ||| Stepping ~*~*~tactically~*~*~ (stealth).
  1152 | D:2      | 1152 ||| Stepping ~*~*~tactically~*~*~ (stealth).
  1261 | D:2      | Found a runed translucent door.
  1262 | D:2      | 1262 ||| DROPPING +0 club.
  1263 | D:2      | Noticed Crazy Yiuf
  1321 | D:2      | 1321 ||| Stepping ~*~*~tactically~*~*~ (stealth).
  1334 | D:2      | Reached XP level 4. HP: 26/26 MP: 8/8
  1389 | D:2      | Noticed Natasha
  1402 | D:2      | HP: 1/26 [Natasha (10)]
  1406 | D:2      | Mangled by Natasha

Levels and vault maps discovered:
D:1:      wander_arrival_peaceful_grave, layout_basic
D:2:      layout_rooms, ebering_ecumenical_altar_hall, uniq_natasha,
          uniq_crazy_yiuf_cottage

Skill      XL: |  1  2 |
---------------+-------+-----
Axes           | 4 |  4.8
Fighting       | |  2.0
Throwing       | |  1.0
Armour         | |  1.1
Dodging        | |  2.1
Spellcasting   | |  2.0
Translocations | |  2.4

Action                   |  1- 3 |  4- 6 || total
-------------------------+-------+-------++-------
Melee: Hand axe          |    48 |    19 ||    67
       Kick              |    15 |     2 ||    17
       Unarmed           |     4 |     9 ||    13
       Peck              |     9 |     2 ||    11
       Punch             |     1 |       ||     1
Throw: Boomerang         |     7 |       ||     7
  Use: Scroll            |     1 |       ||     1
 Stab: Confused          |     1 |       ||     1
Armor: Leather armour    |    11 |       ||    11
       Skin              |     1 |       ||     1
       Chain mail        |     6 |    14 ||    20
Dodge: Dodged            |    16 |     8 ||    24

Table legend:
 A = Non-vault XP
 B = Vault XP
 C = Vault XP percentage of total XP
 D = Non-vault monster count
 E = Vault monster count
 F = Vault count percentage of total count
                 A         B        C        D         E       F
            +---------+---------+-------+---------+---------+-------
      Total |      66 |      35 |  34.7 |      26 |       1 |   3.7
            +---------+---------+-------+---------+---------+-------
        D:1 |      25 |       0 |   0.0 |      13 |       0 |   0.0
        D:2 |      41 |      35 |  46.1 |      13 |       1 |   7.1
            +---------+---------+-------+---------+---------+-------
